 Dungeon Crawl Stone Soup version 0.31-a0-152-g6aa68a64a1 (webtiles) character file.

Game seed: 16651939296666747636

163 qw the Shooter (level 5, -4/45 HPs)
             Began as a Minotaur Hunter on June 10, 2023.
             Slain by Pikel
             ... wielding a +0 whip of electrocution
              (18 damage)
             ... on level 4 of the Dungeon.
             The game lasted 00:00:57 (2202 turns).

qw the Shooter (Minotaur Hunter)                    Turns: 2202, Time: 00:00:57

Health: -4/45      AC: 10    Str: 15    XL:     5   Next: 20%
Magic:  4/4        EV: 11    Int:  5    God:
Gold:   194        SH:  0    Dex: 19    Spells: 4/4 levels left

rFire   . . .        Y - +0 shortbow
rCold   . . .        (shield currently unavailable)
rNeg    . . .        i - +0 ring mail
rPois   .            (helmet restricted)
rElec   .            b - +0 cloak
rCorr   .            (no gloves)
SInv    .            (no boots)
Will    .....        (no amulet)
Stlth   +            a - +4 ring of protection
HPRegen 0.27/turn    (no ring)
MPRegen 0.09/turn

%: no passive effects
@: no status effects
A: horns 2, retaliatory headbutt, agile 1, evolution 1
a: no special abilities


You were on level 4 of the Dungeon.
You visited 1 branch of the dungeon, and saw 4 of its levels.

You collected 194 gold pieces.


Innate Abilities, Weirdness & Mutations

You have a pair of horns on your head.
You reflexively headbutt those who attack you in melee.
You are agile. (Dex +4, Str/Int -1)
You have hidden genetic potential.


   Skills:
 + Level 3.5 Fighting
 - Level 6.5 Ranged Weapons
 - Level 1.3 Armour
 - Level 2.1 Dodging
 - Level 0.7 Stealth


You had 4 spell levels left.
You didn't know any spells.
Your spell library was empty.

Inventory:

Hand Weapons
 Y - a +0 shortbow (weapon)
Armour
 b - a +0 cloak (worn)
 c - a +0 pair of gloves
 i - a +0 ring mail (worn)
Jewellery
 a - a +4 ring of protection (left hand)
Scrolls
 f - a scroll of teleportation
 g - a scroll of identify
Potions
 d - a potion of cancellation
 e - a potion of curing
 h - a potion of haste {unknown}
 j - a potion of ambrosia {unknown}
 l - a potion of mutation

Dungeon Overview and Level Annotations

Branches:
Dungeon (4/15)
 Temple: D:4-7

Altars:

Shops:
D:4 [

Annotations:
D:3 2 transporters, qw's ghost, amateur MiHu
D:4 Pikel


Message History

Pikel closely misses you. You furiously retaliate!
You headbutt Pikel. You shoot an arrow. The arrow hits Pikel.
Pikel is moderately wounded.
Pikel hits you but does no damage.
You shoot an arrow. The arrow hits Pikel.
Pikel is moderately wounded.
Pikel hits you with a +0 whip of electrocution.
You shoot an arrow. The arrow barely misses Pikel.
Pikel hits you with a +0 whip of electrocution!
Pikel closely misses you.
You shoot an arrow. The arrow closely misses Pikel.
Pikel hits you with a +0 whip of electrocution.
You are electrocuted!
You shoot an arrow.
The arrow hits Pikel but does no damage.
Pikel is moderately wounded.
Pikel closely misses you.
You shoot an arrow.
The arrow hits Pikel but does no damage.
Pikel is moderately wounded.
Pikel closely misses you. You furiously retaliate!
You headbutt Pikel, but do no damage. You shoot an arrow. The arrow hits Pikel.
Pikel is heavily wounded.
Pikel misses you. You furiously retaliate!
You headbutt Pikel! You shoot an arrow. The arrow hits Pikel.
Pikel is severely wounded.
Pikel closely misses you. You furiously retaliate!
You headbutt Pikel. You shoot an arrow.
The arrow hits Pikel but does no damage.
Pikel is severely wounded.
Pikel hits you with a +0 whip of electrocution.
You shoot an arrow.
The arrow hits Pikel but does no damage.
Pikel is severely wounded.
Pikel hits you with a +0 whip of electrocution. x2
You shoot an arrow. The arrow closely misses Pikel.
Pikel hits you with a +0 whip of electrocution.
You are electrocuted!!
You die...

#.~.~~~~~.~.~..#
..~......J~.~..#
..~~~~~~~~~.~..#
............~..#
..~~~~~~~~~~~..#
...............#
.........#.###.#
########.#/##..#####
#.#......@K.#
#.#########.# ###
#..K[.# #.##### #.#
#.# #.# #.# #.#


You could see Pikel.

Vanquished Creatures
  A lemure (D:4)
  A scorpion (D:2)
  3 adders
  A gnoll (D:1)
  4 ball pythons
  8 bats
  6 endoplasms
  3 giant cockroaches
  8 goblins
  5 hobgoblins
  9 kobolds
  5 quokkas
  5 frilled lizards
  6 rats
65 creatures vanquished.

Notes
Turn   | Place    | Note
-------+----------+-------------------------------------------
     0 | D:1      | qw the Minotaur Hunter began the quest for the Orb.
     0 | D:1      | Reached XP level 1. HP: 18/18 MP: 0/0
     0 | D:1      | 0 ||| qw: Version: 0.2-a-122-gbc61b45
     0 | D:1      | 0 ||| qw: Game counter: 3635
     0 | D:1      | 0 ||| qw: Always use a shield: true
     0 | D:1      | 0 ||| qw: God list: Okawaru
     0 | D:1      | 0 ||| qw: Allow faded altars: false
     0 | D:1      | 0 ||| qw: Do Orc after D:15 true
     0 | D:1      | 0 ||| qw: Do second Lair branch before Depths: true
     0 | D:1      | 0 ||| qw: Lair rune preference: random
     0 | D:1      | 0 ||| qw: Plans: Normal
     0 | D:1      | 0 ||| PLANNING D:1-11
    94 | D:1      | Reached XP level 2. HP: 25/25 MP: 1/1
   120 | D:1      | Reached skill level 5 in Ranged Weapons
   165 | D:1      | Reached skill level 3 in Fighting
   223 | D:1      | Reached XP level 3. HP: 31/31 MP: 2/2
   713 | D:1      | 713 ||| UPGRADING to +0 ring mail.
   723 | D:1      | 723 ||| DROPPING +0 leather armour.
   724 | D:1      | 724 ||| READING scroll labelled ZYDONL OTAGG.
   728 | D:1      | 728 ||| READING scroll labelled FAECHO TEOTE.
   729 | D:1      | 729 ||| READING 2 scrolls labelled GUEWNO ASIN.
   730 | D:1      | 730 ||| DROPPING scroll of butterflies.
   859 | D:2      | Reached skill level 1 in Armour
   951 | D:2      | Reached XP level 4. HP: 37/38 MP: 3/3
  1195 | D:2      | Noticed a scorpion
  1208 | D:2      | Killed a scorpion
  1209 | D:2      | Reached skill level 6 in Ranged Weapons
  1209 | D:2      | Reached XP level 5. HP: 24/45 MP: 4/4
  1401 | D:2      | 1401 ||| UPGRADING to +0 cloak.
  1406 | D:2      | 1406 ||| UPGRADING to +4 ring of protection.
  1407 | D:2      | 1407 ||| READING scroll labelled CIQEUF MIUQA.
  1408 | D:2      | 1408 ||| DRINKING 2 puce potions.
  1409 | D:2      | 1409 ||| READING 2 scrolls of identify.
  1409 | D:2      | 1409 ||| IDENTIFYING fuming brown potion
  1470 | D:3      | Found a transporter.
  1475 | D:3      | Noticed qw's ghost (amateur MiHu)
  1633 | D:3      | Found a transporter.
  1983 | D:3      | 1983 ||| READING scroll labelled LAJ XOSTAONK.
  1984 | D:3      | 1984 ||| READING scroll labelled CUOSUK BAINEMA.
  1985 | D:3      | 1985 ||| DRINKING 2 fizzy coppery potions.
  1985 | D:3      | Gained mutation: You have hidden genetic potential. [potion
                  | of mutation]
  1985 | D:3      | Gained mutation: You are agile. (Dex +4, Str/Int -1)
                  | [potion of mutation]
  2076 | D:4      | Found Pilissos's Armour Shoppe.
  2154 | D:4      | Noticed a lemure
  2166 | D:4      | Noticed Pikel
  2170 | D:4      | Killed a lemure
  2171 | D:4      | 2171 ||| FLEEEEING.
  2172 | D:4      | 2172 ||| FLEEEEING.
  2173 | D:4      | 2173 ||| FLEEEEING.
  2174 | D:4      | 2174 ||| FLEEEEING.
  2175 | D:4      | 2175 ||| FLEEEEING.
  2176 | D:4      | 2176 ||| FLEEEEING.
  2177 | D:4      | 2177 ||| FLEEEEING.
  2178 | D:4      | 2178 ||| FLEEEEING.
  2179 | D:4      | 2179 ||| FLEEEEING.
  2180 | D:4      | 2180 ||| FLEEEEING.
  2181 | D:4      | 2181 ||| FLEEEEING.
  2182 | D:4      | 2182 ||| FLEEEEING.
  2183 | D:4      | 2183 ||| FLEEEEING.
  2184 | D:4      | 2184 ||| FLEEEEING.
  2185 | D:4      | 2185 ||| FLEEEEING.
  2202 | D:4      | Slain by Pikel

Levels and vault maps discovered:
D:1:      lightli_arrival_windingriver, layout_loops_ring
D:2:      kennysheep_six_static_rooms, layout_basic
D:3:      layout_basic, gammafunk_ghost_arena
D:4:      layout_basic, minmay_temple_entry_mini_moons, serial_shops, shop,
          shop, nicolae_inconvenience_store, minmay_diced_spiral, uniq_pikel

Skill      XL: |  1  2  3  4 |
---------------+-------------+-----
Ranged Weapons | 5 6 |  6.5
Fighting       | 3 |  3.5
Armour         | 1 |  1.3
Dodging        | |  2.1
Stealth        | |  0.7

Action                     |  1- 3 |  4- 6 || total
---------------------------+-------+-------++-------
   Fire: Shortbow          |   119 |   100 ||   219
    Use: Scroll            |     3 |     4 ||     7
         Potion            |       |     2 ||     2
 Armour: Leather armour    |     7 |       ||     7
         Ring mail         |    15 |    18 ||    33
  Dodge: Dodged            |    35 |    34 ||    69

Table legend:
 A = Non-vault XP
 B = Vault XP
 C = Vault XP percentage of total XP
 D = Non-vault monster count
 E = Vault monster count
 F = Vault count percentage of total count
                 A         B        C        D         E       F
            +---------+---------+-------+---------+---------+-------
      Total |     201 |      33 |  14.1 |      58 |       6 |   9.4
            +---------+---------+-------+---------+---------+-------
        D:1 |      63 |       0 |   0.0 |      31 |       0 |   0.0
        D:2 |     102 |      33 |  24.4 |      13 |       6 |  31.6
        D:3 |      30 |       0 |   0.0 |      11 |       0 |   0.0
        D:4 |       6 |       0 |   0.0 |       3 |       0 |   0.0
            +---------+---------+-------+---------+---------+-------
